 Dungeon Crawl Stone Soup version 0.18-a0-822-gb52b7b4 (webtiles) character file.

260 Raultor the Ducker (level 5, -5/41 HPs)
             Began as a Demonspawn Gladiator on Dec 16, 2015.
             Slain by an ogre
             ... wielding a +0 giant spiked club
              (14 damage)
             ... on level 4 of the Dungeon.
             The game lasted 00:12:03 (4149 turns).

Raultor the Ducker (Demonspawn Gladiator)           Turns: 4149, Time: 00:12:03

Health: -5/41      AC:  5    Str: 15    XL:     5   Next: 95%
Magic:  0/5        EV: 13    Int: 14    God:
Gold:   121        SH:  0    Dex: 15    Spells: 0 memorised, 4 levels left

rFire  . . .     SeeInvis .       - Unarmed
rCold  . . .     Gourm    .     b - +0 leather armour
rNeg   . . .     Faith    .     (no shield)
rPois  .         Spirit   +     c - +1 helmet
rElec  .         Dismiss  .     (no cloak)
rCorr  .         Reflect  .     (no gloves)
SustAt .         Harm     .     (no boots)
MR     .....                    (no amulet)
Stlth  +.........               (no ring)
                                t - +5 ring of intelligence

@: very slightly contaminated, hasted, very quick, not resistant to hostile
enchantments, very unstealthy
A: claws 2, magic shield
a: no special abilities


You were on level 4 of the Dungeon.
You were not hungry.

You visited 1 branch of the dungeon, and saw 4 of its levels.

You collected 121 gold pieces.

Inventory:

Hand Weapons
 a - a +0 flail
Missiles
 d - 3 throwing nets {=f, !d}
Armour
 b - a +0 leather armour (worn)
 c - a +1 helmet (worn)
Jewellery
 t - a +5 ring of intelligence (left claw)
   (You found it on level 2 of the Dungeon)
Scrolls
 e - a scroll of identify
 g - a scroll of recharging
 h - a scroll of noise {!r}
 k - a scroll of amnesia
 n - a scroll of teleportation
 o - a scroll of magic mapping {!r}
Potions
 p - 2 potions of curing
 r - a potion of cure mutation {unknown}
Comestibles
 f - 3 bread rations {@e1}
 i - a meat ration {@e2}
 w - a beef jerky
 x - a slice of pizza


   Skills:
 + Level 3.3 Fighting
 - Level 3.2 Maces & Flails
 - Level 1.7 Throwing
 + Level 2.2 Armour
 + Level 3.4 Dodging
 * Level 2.6 Unarmed Combat


You had 4 spell levels left.
You didn't know any spells.

Dungeon Overview and Level Annotations

Branches:
Dungeon (4/15)
 Temple: D:4-7

Altars:

Annotations:
D:3 Raultor's ghost, amateur DsGl


Innate Abilities, Weirdness & Mutations

You have very sharp fingernails.
When hurt, damage is shared between your health and your magic reserves.


Message History

You scratch the giant frog skeleton but do no damage.
The giant frog skeleton closely misses you.
You claw the giant frog skeleton!
You destroy the giant frog skeleton!
No target in view!
m - a bubbling black potion
r - a bubbling coppery potion MP restored: 5 You see here a runed ring mail.
u - a runed ring mail Wear which item? (? for menu, Esc to quit)
You start removing your armour.
You continue taking off your +0 leather armour. x4
You finish taking off your +0 leather armour.
You start putting on your armour.
You continue putting on your runed ring mail. x5
You finish putting on your cursed -2 ring mail.
Oops, that feels deathly cold.
You regained 2 hp, and now have 35/41 hp.
Read which item? (? for menu, Esc to quit)
As you read the scroll labeled DERCHIN QYTZOT, it crumbles to dust.
You hear a loud clanging noise!
It was a scroll of noise.
You hear a shout! x3
Read which item? (? for menu, Esc to quit)
Okay, then.
An ogre comes into view. It is wielding a giant spiked club.
There is a stone staircase leading up here.
You climb upwards.
Level annotation: Raultor's ghost, amateur DsGl
There is a stone staircase leading down here.
Read which item? (? for menu, Esc to quit)
As you read the scroll labeled JOISEA MOREITUVEMO, it crumbles to dust.
You feel strangely unstable.
It was a scroll of teleportation.
Read which item? (? for menu, Esc to quit)
As you read the scroll labeled PAZULAGOZU, it crumbles to dust.
You feel aware of your surroundings.
It was a scroll of magic mapping.
Read which item? (? for menu, Esc to quit)
As you read the scroll labeled VIDATEURYI, it crumbles to dust.
It is a scroll of recharging.
You aren't carrying any rechargeable items.
Read which item? (? for menu, Esc to quit)
As you read the scroll labeled UBODOO TORAATT, it crumbles to dust.
It is a scroll of identify.
Identify which item? (\ to view known items) (? for menu, Esc to quit)
m - a potion of haste Read which item? (? for menu, Esc to quit)
As you read the scroll labeled VYIPROAPAR, it crumbles to dust.
It is a scroll of amnesia.
You feel forgetful for a moment.
Your surroundings suddenly seem different.
Read which item? (? for menu, Esc to quit)
As you read the scroll labeled CESUSH ASIEB, it crumbles to dust.
The dust glows pulsating gold!
It was a scroll of random uselessness.
Read which item? (? for menu, Esc to quit)
As you read the scroll labeled IJYNGU ORHAL, it crumbles to dust.
It is a scroll of enchant armour.
Enchant which item? (? for menu, Esc to quit)
Your +0 helmet glows green for a moment.
Read which item? (? for menu, Esc to quit)
As you read the scroll labeled LATE OPHYROADO, it crumbles to dust.
You assume a fearsome visage.
Nothing appears to happen.
It was a scroll of fear.
Read which item? (? for menu, Esc to quit)
As you read the scroll labeled QAOCVU NUERE, it crumbles to dust.
You feel as if something is helping you.
It was a scroll of remove curse.
Wear which item? (? for menu, Esc to quit)
Okay, then.
Wear which item? (? for menu, Esc to quit)
You start removing your armour.
You continue taking off your -2 ring mail. x4
You finish taking off your -2 ring mail.
You start putting on your armour.
You continue putting on your +0 leather armour. x5
You finish putting on your +0 leather armour.
Drop what? 19/52 slots (_ for help) (? for menu, Esc to quit)
You drop a -2 ring mail.
There is a stone staircase leading down here.
You climb downwards.
The ogre hits you with a giant spiked club!!
There is a stone staircase leading up, spattered with blood here.
You take 20 damage, and have 19/41 hp.
MASSIVE DAMAGE!!
You now have 2/5 mp.
Drink which item? (? for menu, Esc to quit)
You feel yourself speed up. The ogre barely misses you.
You are very lightly contaminated with residual magic.
You barely miss the ogre. You barely miss the ogre.
The ogre hits you with a giant spiked club!
* * * LOW HITPOINT WARNING * * *
You take 11 damage, and have 9/41 hp.
MASSIVE DAMAGE!!
You now have 0/5 mp.
You claw the ogre! You scratch the ogre.
The ogre hits you with a giant spiked club!
You die...

..# ##.#........#### .
..###...........## ..
...#............# .$.
................#
......................
#..##...........#####
#.....<.......##
####@........## .
###O........#
..###......#....#
................#
.........##.....##
.................#
.........####.....#
..$.....># .....?..


You could see an ogre.

Vanquished Creatures
  A giant frog (D:3)
  A giant frog skeleton (D:4)
  An orc wizard (D:3)
  6 adders
  A shadow imp (D:2)
  3 worms (D:2)
  2 giant geckos
  5 orcs (D:3)
  5 giant cockroaches
  9 goblins
  8 hobgoblins
  A quokka (D:2)
  A ball python (D:2)
  16 bats
  5 giant newts
  A jackal skeleton (D:4)
  8 kobolds
  7 rats
81 creatures vanquished.

Notes
Turn   | Place    | Note
--------------------------------------------------------------
     0 | D:1      | Raultor the Demonspawn Gladiator began the quest for the Orb.
     0 | D:1      | Reached XP level 1. HP: 16/16 MP: 1/1
    63 | D:1      | HP: 4/16 [giant newt (3)]
   594 | D:1      | Gained mutation: When hurt, damage is shared between your health and your magic reserves. [demonic ancestry]
   594 | D:1      | Reached XP level 2. HP: 22/22 MP: 2/2
   939 | D:1      | Reached skill level 3 in Maces & Flails
  1072 | D:1      | Reached skill level 3 in Dodging
  1246 | D:2      | Gained mutation: You have sharp fingernails. [demonic ancestry]
  1246 | D:2      | Reached XP level 3. HP: 24/27 MP: 3/3
  1272 | D:2      | Reached skill level 1 in Armour
  2017 | D:2      | Reached skill level 1 in Unarmed Combat
  2092 | D:2      | Reached XP level 4. HP: 26/34 MP: 4/4
  2422 | D:3      | Noticed Raultor's ghost (amateur DsGl)
  2464 | D:3      | HP: 7/34 [orc wizard/dagger (4)]
  2471 | D:3      | HP: 5/34 [orc/club (1)]
  2475 | D:3      | HP: 2/34 [orc/dagger (2)]
  2829 | D:3      | Reached skill level 3 in Fighting
  3117 | D:3      | Gained mutation: You have very sharp fingernails. [demonic ancestry]
  3117 | D:3      | Reached XP level 5. HP: 30/41 MP: 3/5
  3493 | D:2      | Reached skill level 2 in Unarmed Combat
  3720 | D:3      | HP: 7/41 [giant frog (4)]
  3720 | D:3      | HP: 1/41 [giant frog (6)]
  3721 | D:3      | Reached skill level 2 in Armour
  4112 | D:4      | Noticed an ogre
  4147 | D:4      | HP: 9/41 [ogre/giant spiked club (11)]
  4149 | D:4      | Slain by an ogre

Vault maps used:
D:1:      minmay_arrival_wavy_path, serial_bayou_ford_a, minivault_11,
          amethyst_killhole, kennysheep_another_room
D:2:      first_bread
D:4:      johnstein_pakellas_dig, lemuel_round_altar,
          grunt_dithmenos_smoke_and_mirrors, uniq_blork_the_orc, uniq_grinder

Action                   |  1- 3 |  4- 6 || total
-------------------------+-------+-------++-------
Melee: Flail             |   206 |    96 ||   302
       Unarmed           |       |    65 ||    65
  Use: Potion            |       |     5 ||     5
       Scroll            |       |    10 ||    10
 Stab: Sleeping          |       |     1 ||     1
  Eat: Chunk             |     4 |     7 ||    11

Vault maps used:
D:1:      minmay_arrival_wavy_path, serial_bayou_ford_a, minivault_11,
          amethyst_killhole, kennysheep_another_room
D:2:      first_bread
D:4:      johnstein_pakellas_dig, lemuel_round_altar,
          grunt_dithmenos_smoke_and_mirrors, uniq_blork_the_orc, uniq_grinder

Table legend:
 A = Turns spent in this place as a percentage of turns spent in the entire game.
 B = Non-inter-level travel turns spent in this place as a percentage of non-inter-level travel turns spent in the entire game.
 C = Inter-level travel turns spent in this place as a percentage of turns spent in this place.
 D = Turns resting spent in this place as a percentage of non-inter-level travel turns spent in this place.
 E = Turns spent auto-exploring this place as a percentage of non-inter-level travel turns spent in this place.
 F = Non-inter-level travel turns spent in this place divided by the number of levels of this place that you've seen.
                   A       B       C       D       E      F
               +-------+-------+-------+-------+-------+----------------------
         Total | 100.0 | 100.0 |   1.0 |   2.9 |   7.9 | 291.0
       Dungeon | 100.0 | 100.0 |   1.0 |   2.9 |   7.9 | 291.0
               +-------+-------+-------+-------+-------+----------------------

Table legend:
 A = Kills in this place as a percentage of kills in entire the game.
 B = Kills by you in this place as a percentage of kills by you in the entire game.
 C = Kills by friends in this place as a percentage of kills by friends in the entire game.
 D = Other kills in this place as a percentage of other kills in the entire game.
 E = Experience gained in this place as a percentage of experience gained in the entire game.
 F = Experience gained in this place divided by the number of levels of this place that you have seen.
                   A       B       C       D       E      F
               +-------+-------+-------+-------+-------+----------------------
         Total | 100.0 | 100.0 |  -nan |  -nan | 100.0 |  93.0
       Dungeon | 100.0 | 100.0 |  -nan |  -nan | 100.0 |  93.0
               +-------+-------+-------+-------+-------+----------------------
